 Dungeon Crawl Stone Soup version 0.31.0-11-ge490571c62 (webtiles) character file.

Game seed: 11962505493601481094

35 qw the Shooter (level 3, -2/18 HPs)
             Began as a Spriggan Hunter on Feb 4, 2024.
             Slain by a goblin
             ... wielding a +0 club
              (3 damage)
             ... on level 2 of the Dungeon.
             The game lasted 00:00:03 (1418 turns).

qw the Shooter (Spriggan Hunter)                    Turns: 1418, Time: 00:00:04

Health: -2/18      AC:  2    Str:  7    XL:     3   Next: 17%
Magic:  4/4        EV: 19    Int: 10    God:
Gold:   66         SH:  0    Dex: 20    Spells: 2/2 levels left

rFire   . . .        a - +0 shortbow
rCold   . . .        (shield currently unavailable)
rNeg    . . .        c - +0 robe
rPois   .            (helmet restricted)
rElec   .            (no cloak)
rCorr   .            (gloves unavailable)
SInv    +            (boots unavailable)
Will    .....        (no amulet)
Stlth   ++           (no ring)
HPRegen 0.23/turn    (no ring)
MPRegen 0.09/turn

%: no passive effects
@: very quick
A: very small, no large weapons, unfitting armour, see invisible, speed 3
a: no special abilities


You were on level 2 of the Dungeon.
You visited 1 branch of the dungeon, and saw 2 of its levels.

You collected 66 gold pieces.


Innate Abilities, Weirdness & Mutations

You are very small and have problems with some larger weapons.
You are too small for most types of armour.
You have supernaturally acute eyesight. (SInv)
You cover ground extremely quickly. (Speed+++)


   Skills:
 - Level 1.5 Fighting
 + Level 4.5 Ranged Weapons
 - Level 4.0 Dodging
 - Level 1.5 Stealth


You had 2 spell levels left.
You didn't know any spells.
Your spell library was empty.

Inventory:

Hand Weapons
 a - a +0 shortbow (weapon)
Armour
 c - a +0 robe (worn)
Scrolls
 f - a scroll of teleportation
Potions
 b - 2 potions of curing {unknown}
 d - a potion of heal wounds {unknown}
 e - 2 potions of invisibility {unknown}

Dungeon Overview and Level Annotations

Branches:
Dungeon (2/15)

Altars:
Cheibriados


Message History

You are frozen.
The ball python closely misses you. x3
The ball python completely misses you.
You shoot an arrow.
The arrow closely misses the ball python.
The endoplasm closely misses you. The ball python misses you.
The ball python barely misses you. x2; The ball python grabs you.
The ball python constricts you. The endoplasm misses you.
You shoot an arrow.
The arrow barely misses the ball python.
The ball python bites you. The ball python barely misses you.
The ball python constricts you. The endoplasm closely misses you.
The ball python barely misses you.
You shoot an arrow. The arrow hits the ball python!
You kill the ball python!
The endoplasm hits you.
A ball python comes into view.
The ball python closely misses you. The ball python barely misses you.
A ball python comes into view.
You shoot an arrow.
The arrow closely misses the ball python.
The ball python hisses angrily. x2
The ball python barely misses you. x2; The goblin completely misses you.
The endoplasm freezes you.
You are frozen.
You shoot an arrow.
The arrow closely misses the ball python.
The ball python completely misses you. The ball python closely misses you.
An endoplasm comes into view.
The goblin barely misses you. The endoplasm closely misses you.
The frilled lizard misses you. The ball python bites you.
The ball python closely misses you.
You shoot an arrow.
The arrow closely misses the ball python.
The endoplasm quivers.
The goblin closely misses you. The endoplasm barely misses you.
The frilled lizard bites you. The ball python barely misses you.
The ball python misses you. The frilled lizard closely misses you.
The endoplasm freezes you.
You are frozen.
The goblin hits you with a +0 club.
You die...

##.## #.# #.#
######...#######.#####.#
#.......................
.####...#######..##.#..
##.## #..##.#.. #.#
#........ #.# ##.###.#.
##'## #....... #.@g#
#...)... #.JSl.S...%
#.###.##
#...#%###.#.##.###.#
#.... S. ........##
.'.... .## ..........
###.... .#)# .#..>#####
##... .###. ....######
##.. ..J.....#....... .
# ######


You could see 2 endoplasms, a goblin, 3 ball pythons and a frilled lizard.

Vanquished Creatures
  A dart slug (D:1)
  5 ball pythons
  2 endoplasms
  5 goblins (D:1)
  3 hobgoblins
  5 jackals
  2 bats (D:2)
  3 frilled lizards
  2 kobolds (D:2)
  4 rats
32 creatures vanquished.

Notes
Turn   | Place    | Note
-------+----------+-------------------------------------------
     0 | D:1      | qw the Spriggan Hunter began the quest for the Orb.
     0 | D:1      | Reached XP level 1. HP: 10/10 MP: 2/2
     0 | D:1      | 0 ||| qw: Version: 0.3-a-160-g6735b56
     0 | D:1      | 0 ||| qw: Game counter: 4570
     0 | D:1      | 0 ||| qw: Melee chars always use a shield: true
     0 | D:1      | 0 ||| qw: God list: Okawaru
     0 | D:1      | 0 ||| qw: Allow faded altars: false
     0 | D:1      | 0 ||| qw: Do Orc after clearing Dungeon:15 true
     0 | D:1      | 0 ||| qw: Do second Lair branch before Depths: true
     0 | D:1      | 0 ||| qw: Lair rune preference: random
     0 | D:1      | 0 ||| qw: Goals: Normal
     0 | D:1      | 0 ||| PLANNING D:1-11
    41 | D:1      | Reached skill level 3 in Dodging
   110 | D:1      | Reached XP level 2. HP: 9/14 MP: 3/3
   921 | D:1      | 921 ||| READING 2 scrolls labelled QICHO OGUETAS YSE.
   921 | D:1      | 921 ||| IDENTIFYING lumpy silvery potion
   922 | D:1      | 922 ||| READING scroll of identify.
   922 | D:1      | 922 ||| IDENTIFYING scroll labelled KUFOAC REMEITO
   923 | D:1      | 923 ||| READING 2 scrolls labelled MEUMPU LEG RAM.
   928 | D:1      | 928 ||| DROPPING scroll of butterflies.
   929 | D:1      | 929 ||| DROPPING scroll of amnesia.
   930 | D:1      | 930 ||| DROPPING potion of lignification.
  1027 | D:2      | Found a snail-covered altar of Cheibriados.
  1030 | D:2      | Reached XP level 3. HP: 18/18 MP: 4/4
  1418 | D:2      | HP: 3/18 [frilled lizard (3)]
  1418 | D:2      | HP: 1/18 [frozen (2)]
  1418 | D:2      | Slain by a goblin

Levels and vault maps discovered:
D:1:      dpeg_arrival_lava_altar, layout_loops_corners
D:2:      layout_loops_corners, basic_altar, minmay_surrounded

Skill      XL: |  1  2 |
---------------+-------+-----
Dodging        | 3 4 |  4.0
Fighting       | |  1.5
Ranged Weapons | |  4.5
Stealth        | |  1.5

Action                     || total
---------------------------++-------
   Fire: Shortbow          ||    70
    Use: Scroll            ||     3
 Armour: Robe              ||    11
  Dodge: Dodged            ||    41

Table legend:
 A = Non-vault XP
 B = Vault XP
 C = Vault XP percentage of total XP
 D = Non-vault monster count
 E = Vault monster count
 F = Vault count percentage of total count
                 A         B        C        D         E       F
            +---------+---------+-------+---------+---------+-------
      Total |      49 |       2 |   3.9 |      30 |       2 |   6.2
            +---------+---------+-------+---------+---------+-------
        D:1 |      32 |       0 |   0.0 |      18 |       0 |   0.0
        D:2 |      17 |       2 |  10.5 |      12 |       2 |  14.3
            +---------+---------+-------+---------+---------+-------
